 Dungeon Crawl Stone Soup version 0.25.1-8-g42b30a86e7 (webtiles) character file.

Game seed: 5503890699529896175

1549 jlumianski the Shield-Bearer (level 8, -4/48 HPs)
             Began as a Gargoyle Fighter on Dec 10, 2020.
             Was a Follower of Qazlal.
             Killed by divine providence
             ... invoked by an orc priest
              (8 damage)
             ... on level 6 of the Dungeon.
             The game lasted 00:24:37 (5918 turns).

jlumianski the Shield-Bearer (Gargoyle Fighter)     Turns: 5918, Time: 00:24:37

Health: -4/48      AC: 16    Str: 21    XL:     8   Next: 87%
Magic:  13/13      EV:  6    Int: 10    God:    Qazlal [*.....]
Gold:   381        SH: 12    Dex:  9    Spells: 13/13 levels left

rFire    . . .     SeeInvis .   a - +0 war axe
rCold    . . .     Gourm    .   c - +1 kite shield
rNeg     + + .     Faith    .   n - +0 chain mail
rPois    ∞         Spirit   .   (no helmet)
rElec    +         Reflect  .   G - +0 cloak
rCorr    .         Harm     .   (no gloves)
MR       .....                  (no boots)
Stlth    ..........             (no amulet)
HPRegen  0.16/turn              t - ring of positive energy
MPRegen  0.13/turn              (no ring)

@: no status effects
A: negative energy resistance 1, electricity resistance, unbreathing,
petrification resistance, rot immunity, AC +5
a: Renounce Religion


You were on level 6 of the Dungeon.
You worshipped Qazlal.
Qazlal was aware of your devotion.
You were hungry.

You visited 2 branches of the dungeon, and saw 7 of its levels.

You collected 381 gold pieces.

Inventory:

Hand Weapons
 a - a +0 war axe (weapon)
 i - the +11 great mace of the Lair of Beasts {vorpal, rPois Int+3}
   (You found it on level 4 of the Dungeon)

   It inflicts extra damage upon your enemies.
   It affects your intelligence (+3).
   It protects you from poison.
 C - a +1 morningstar of draining
 F - a +3 quarterstaff of chaos
 H - a +2 mace of protection
Missiles
 e - 21 poisoned darts
 h - 211 stones (quivered)
 y - 39 bolts
Armour
 b - a +0 scale mail
 c - a +1 kite shield (worn)
 n - a +0 chain mail (worn)
 s - a +2 ring mail of cold resistance
 w - a +0 buckler
 G - a +0 cloak (worn)
Magical Staves
 z - an uncursed staff of air {unknown}
Jewellery
 q - an uncursed amulet of magic regeneration
 t - a ring of positive energy (left hand)
Wands
 A - a wand of enslavement (12)
 B - a wand of acid (2)
Scrolls
 g - 2 scrolls of enchant armour
 l - 3 scrolls of fog
 m - 2 scrolls of teleportation
 p - a scroll of remove curse
 v - 6 scrolls of identify
Potions
 d - 2 potions of might
 j - a potion of stabbing {unknown}
 k - a potion of curing
 o - a potion of lignification {unknown}
 r - a potion of haste
 u - a potion of flight
 x - a potion of heal wounds
 D - a potion of cancellation {unknown}
Comestibles
 f - 8 rations


   Skills:
 + Level 4.7 Fighting
 + Level 5.4 Axes
 + Level 1.1 Throwing
 + Level 5.5 Armour
 + Level 1.2 Dodging
 + Level 6.2 Shields
 * Level 3.4 Spellcasting
 * Level 3.3 Invocations


You had 13 spell levels left.
You didn't know any spells.
Your spell library contained the following spells:

 Spells                   Type           Power        Failure   Level  Hunger
 Beastly Appendage        Tmut           #.....       100%        1    #......
 Summon Small Mammal      Summ           #...         100%        1    #......
 Call Imp                 Summ           #.......     100%        2    ###....
 Sticks to Snakes         Tmut           #.......     100%        2    ###....
 Call Canine Familiar     Summ           #.......     100%        3    ###....
 Spider Form              Tmut/Pois      #.........   100%        3    ###....
 Summon Guardian Golem    Hex/Summ       #.......     100%        3    ###....
 Ice Form                 Ice/Tmut       #.......     100%        4    #####..
 Summon Ice Beast         Ice/Summ       #.......     100%        4    #####..
 Summon Lightning Spire   Summ/Air       #.......     100%        4    #####..
 Blade Hands              Tmut           #.........   100%        5    ######.


Dungeon Overview and Level Annotations

Branches:
Dungeon (6/15)             Temple (1/1) D:5

Altars:
Ashenzari
Cheibriados
Dithmenos
Elyvilon
Fedhas
Gozag
Hepliaklqana
Kikubaaqudgha
Makhleb
Nemelex Xobeh
Okawaru
Qazlal
Ru
Sif Muna
Trog
Uskayaw
Vehumet
Wu Jian
Xom
Yredelemnul
Zin
The Shining One

Shops:
D:5 :


Innate Abilities, Weirdness & Mutations

You are resistant to torment.
Your stone body is resilient. (AC +5)
You are immune to poison.
You resist negative energy. (rN+)
You are resistant to electric shocks. (rElec)
You can survive without breathing.
You are immune to petrification.
You are immune to rotting.


Message History

Beogh smites you!
The orc priest mumbles some strange prayers to Beogh against you.
Beogh smites you!
The orc wizard hits you but does no damage.
You closely miss the orc wizard.
The orc wizard gestures at you while chanting.
The magic dart hits you but does no damage.
The orc priest calls down the wrath of Beogh upon you.
Beogh smites you!
* * * LOW HITPOINT WARNING * * *
You hit the orc.
The orc is moderately wounded.
The orc wizard gestures wildly while chanting.
The orc wizard blinks!
You closely miss the orc.
The orc is moderately wounded.
You block the orc's attack.
The orc priest invokes the aid of Beogh against you.
Beogh smites you!
You die...

########## #........#
#........# #........#
#........# **####****
#........######o...#.,,******
#...........@ooo.....,,,,,,,,
###
*######.#######....#.,,*****,
..### #.##### *,...#**** *,
....#######.#...###.,o.#*****
*,
.....................,.>.,,,*
*,
............#...#####**##**,*
*, #.#.##..###.#...#
*****+****, #.).###.# #.#...#
*,,,,,,,,,, ##..# ♣.♣ #.#...#
*,,,,,,,,,,


You could see an orc priest and 3 orcs.

Vanquished Creatures
  2 ice beasts (D:5)
  A phantom (D:5)
  A necrophage (D:6)
  3 centaurs
  A big kobold (D:4)
  2 scorpions
  A bullfrog zombie (D:6)
  6 crimson imps
  A quasit (D:5)
  2 jellies (D:5)
  Crazy Yiuf (D:5)
  2 hounds (D:5)
  An orc priest (D:5)
  Natasha (D:2)
  2 worker ants
  2 hound skeletons
  A worker ant zombie (D:6)
  4 gnolls (D:2)
  A howler monkey skeleton (D:6)
  8 adders
  3 oozes
  An adder skeleton (D:4)
  5 worms
  A dart slug (D:2)
  4 leopard geckos
  8 orcs
  5 giant cockroaches
  4 goblins
  11 hobgoblins
  2 jackals (D:4)
  3 quokkas
  A ball python (D:5)
  6 bats
  3 frilled lizards
  12 kobolds
  A quokka skeleton (D:4)
  5 rats
118 creatures vanquished.

Notes
Turn   | Place    | Note
-------+----------+-------------------------------------------
     0 | D:1      | jlumianski the Gargoyle Fighter began the quest for the
                  | Orb.
     0 | D:1      | Reached XP level 1. HP: 14/14 MP: 1/1
   337 | D:1      | Reached XP level 2. HP: 19/19 MP: 2/2
  1146 | D:2      | Reached XP level 3. HP: 7/23 MP: 3/3
  1817 | D:2      | Reached skill level 1 in Spellcasting
  1859 | D:2      | Reached XP level 4. HP: 27/28 MP: 5/5
  2376 | D:3      | Noticed Natasha
  2408 | D:2      | Killed Natasha
  2408 | D:2      | Reached skill level 4 in Shields
  2488 | D:3      | Reached XP level 5. HP: 32/32 MP: 6/6
  3152 | D:4      | Reached XP level 6. HP: 36/37 MP: 8/8
  3321 | D:4      | Reached skill level 5 in Shields
  3558 | D:4      | Got a crude great mace
  3559 | D:4      | Identified the +11 great mace of the Lair of Beasts
                  | {vorpal, rPois Int+3} (You found it on level 4 of the
                  | Dungeon)
  3641 | D:5      | Entered Level 5 of the Dungeon
  3828 | D:5      | Found a staircase to the Ecumenical Temple.
  3844 | Temple   | Entered the Ecumenical Temple
  3884 | Temple   | Became a worshipper of Qazlal Stormbringer
  3963 | D:5      | Reached XP level 7. HP: 37/42 MP: 10/10
  4104 | D:5      | Reached skill level 1 in Invocations
  4196 | D:4      | Reached skill level 1 in Throwing
  4216 | D:5      | Found a basalt altar of Yredelemnul.
  4293 | D:5      | Found Kireum's Book Boutique.
  4404 | D:5      | Reached skill level 5 in Armour
  4499 | D:5      | Found a runed translucent door.
  4500 | D:5      | Noticed Crazy Yiuf
  4573 | D:5      | Reached skill level 1 in Dodging
  4573 | D:5      | Reached XP level 8. HP: 17/48 MP: 10/12
  4856 | D:5      | Reached skill level 6 in Shields
  5154 | D:5      | Killed Crazy Yiuf
  5444 | D:6      | Reached * piety under Qazlal
  5569 | D:6      | Reached skill level 5 in Axes
  5848 | D:6      | Found a blossoming altar of Fedhas.
  5918 | D:6      | Killed from afar by an orc priest

Illustrated notes

Levels and vault maps discovered:
D:1:      evilmike_arrival_home_sweet_home, layout_basic
D:2:      layout_basic, grunt_ministairs_3, minmay_puff
D:3:      layout_rooms, first_ration, uniq_natasha
D:4:      layout_loops_ring
D:5:      layout_rooms, minmay_temple_entry_mini_moons, serial_shops, shop,
          yredelemnul_altar_generic, uniq_crazy_yiuf_cottage
D:6:      layout_basic, kennysheep_mini_moat, minmay_tree_intersection
Temple:   nicolae_temple_the_god_donut

Skill      XL: |  1  2  3  4  5  6  7  8 |
---------------+-------------------------+-----
Axes           | 2 3 4 5 |  5.4
Spellcasting   | 1 2 3 |  3.4
Shields        | 4 5 6 |  6.2
Armour         | 4 5 |  5.5
Invocations    | 2 3 |  3.3
Throwing       | 1 |  1.1
Fighting       | 4 |  4.7
Dodging        | 1 |  1.2

Action                   |  1- 3 |  4- 6 |  7- 9 || total
-------------------------+-------+-------+-------++-------
Melee: War axe           |   151 |   221 |   301 ||   673
Throw: Stone             |       |     5 |    15 ||    20
  Use: Scroll            |     4 |     5 |     3 ||    12
       Potion            |       |     2 |     1 ||     3
  Eat: Chunk             |     3 |     7 |     7 ||    17
Armor: Scale mail        |    40 |       |       ||    40
       Chain mail        |    51 |   207 |   254 ||   512
Dodge: Dodged            |    42 |    54 |    89 ||   185
Block: Kite shield       |    96 |   159 |   221 ||   476
